 Dungeon Crawl Stone Soup version 0.19-a0-1626-g5215c36 (webtiles) character file.

55 wazuzu the Stinger (level 3, 0/28 HPs)
             Began as a Naga Venom Mage on Sept 18, 2016.
             Slain by an adder (1 damage)
             ... on level 2 of the Dungeon.
             The game lasted 00:04:52 (1270 turns).

wazuzu the Stinger (Naga Venom Mage)                Turns: 1270, Time: 00:04:53

Health: 0/28       AC:  7    Str: 10    XL:     3   Next: 93%
Magic:  1/7        EV: 10    Int: 20    God:
Gold:   87         SH:  0    Dex: 12    Spells: 1 memorised, 6 levels left

rFire  . . .     SeeInvis +     h - +2 dagger (protect)
rCold  . . .     Gourm    .     a - +0 robe
rNeg   . . .     Faith    .     (no shield)
rPois  +         Spirit   .     (no helmet)
rElec  .         Dismiss  .     (no cloak)
rCorr  .         Reflect  .     (no gloves)
MR     .....     Harm     .     (no barding)
Stlth  ++........               q - amulet of rage
                                (no ring)
                                (no ring)

@: brilliant, lethally poisoned (0 -> -2), short of breath, very slow
A: see invisible, deformed body, poison resistance, slowness 2, slow metabolism
1, spit poison 1, AC +1
a: Spit Poison, Evoke Berserk Rage


You were on level 2 of the Dungeon.
You were not hungry.

You visited 1 branch of the dungeon, and saw 2 of its levels.

You collected 87 gold pieces.

Inventory:

Hand Weapons
 d - a cursed -1 halberd
 h - a +2 dagger of protection (weapon)
Armour
 a - a +0 robe (worn)
Jewellery
 q - an amulet of rage (around neck)
Scrolls
 e - a scroll of identify {unknown}
 f - a scroll of teleportation {unknown}
 i - a scroll of fear {unknown}
 j - a scroll of remove curse {unknown}
 n - a scroll of magic mapping {unknown}
Potions
 m - a potion of lignification {unknown}
 p - a potion of curing {unknown}
Books
 b - a Young Poisoner's Handbook

   Spells                             Type                      Level
   a - Sting                          Conjuration/Poison           1
   b - Mephitic Cloud                 Conjuration/Poison/Air       3
   c - Olgreb's Toxic Radiance        Poison                       4
   d - Alistair's Intoxication        Transmutation/Poison         5
   e - Venom Bolt                     Conjuration/Poison           5
Comestibles
 c - a bread ration
 g - a beef jerky
 l - a slice of pizza
 o - 4 chunks of flesh


   Skills:
 + Level 2.0 Polearms
 - Level 1.5 Dodging
 - Level 3.0 Stealth
 - Level 2.6 Spellcasting
 - Level 5.8 Poison Magic


You had 6 spell levels left.
You knew the following spells:

 Your Spells              Type           Power        Failure   Level  Hunger
a - Sting                 Conj/Pois      ####         1%          1    None


Dungeon Overview and Level Annotations

Branches:
Dungeon (2/15)

Altars:
Gozag


Innate Abilities, Weirdness & Mutations

You cannot wear boots.
Your serpentine skin is tough. (AC +1)
You have supernaturally acute eyesight. (SInv)
Armour fits poorly on your strangely shaped body.
Your system is resistant to poisons. (rPois)
You cover ground very slowly.
You have a slow metabolism.
You can spit poison.


Message History

The sting hits the adder.
The adder is poisoned.
The adder is severely wounded.
You feel sick. The bat closely misses you. The adder bites you.
* * * LOW HITPOINT WARNING * * *
The bat hits you but does no damage. The hobgoblin misses you.
The kobold hits you with a dagger.
* * * LOW HITPOINT WARNING * * *
The adder closely misses you.
Press: ? - help, Shift-Dir - straight line, f - hobgoblin, p - adder
Aim: a hobgoblin, wielding a club The splash of poison hits the hobgoblin.
The hobgoblin is poisoned.
You kill the hobgoblin!
You feel slightly more hungry. The bat closely misses you.
The bat hits you but does no damage. The adder bites you but does no damage.
The kobold misses you.
You completely miss the kobold. The bat hits you.
* * * LOW HITPOINT WARNING * * *
The adder bites you.
You die...

#.##.#### #..........
#........ #..........
..†.#....####..........
###.# .. ..>..........
# ... #.>.!..<.... .#
###. . #........... .#
###.##..w....# [.#
.......K##
.########.....S@## #
.......%....##)..## .#
###..#
####.###...###.###.
.....##
.......b†g...#...
.###..#
.>....##.......## ##
##.## .s..=. #..#.....#
#..# ...... #....###..
#####..##
##.#####.....#
........##
#..###...##..#


You could see an adder, a dart slug, a goblin, a bat and a kobold.

Vanquished Creatures
  A gnoll (D:1)
  An adder (D:2)
  A worm (D:2)
  A leopard gecko (D:1)
  3 giant cockroaches
  3 goblins
  4 hobgoblins
  6 kobolds
  A quokka (D:2)
  A ball python (D:2)
  3 bats
  8 rats
33 creatures vanquished.

Notes
Turn   | Place    | Note
-------+----------+-------------------------------------------
     0 | D:1      | wazuzu the Naga Venom Mage began the quest for the Orb.
     0 | D:1      | Reached XP level 1. HP: 15/15 MP: 3/3
   263 | D:1      | Reached XP level 2. HP: 22/22 MP: 5/5
   710 | D:1      | Reached XP level 3. HP: 28/28 MP: 7/7
  1100 | D:2      | Reached skill level 1 in Polearms
  1208 | D:2      | Found an opulent altar of Gozag.
  1270 | D:2      | HP: 1/28 [bat (1)]
  1270 | D:2      | Slain by an adder

Vault maps used:
D:1:      minmay_arrival_four_loops
D:2:      minmay_wonky_spiral, old_standard_altar, first_bread,
          nrook_mini_vaults

Skill      XL: |  1  2  3 |
---------------+----------+-----
Polearms       | 2 |  2.0
Dodging        | |  1.5
Stealth        | |  3.0
Spellcasting   | |  2.6
Poison Magic   | |  5.8

Action                   || total
-------------------------++-------
Melee: Dagger            ||    89
 Cast: Sting             ||    17
 Abil: Spit Poison       ||     3
  Use: Potion            ||     1
 Stab: Sleeping          ||     3
  Eat: Chunk             ||     1
Armor: Robe              ||    52
Dodge: Dodged            ||    74
